 Dungeon Crawl Stone Soup version 0.19-a0-1468-ge013c26 (webtiles) character file.

3090 dorian the Carver (level 9, -4/67 (68) HPs)
             Began as a Hill Orc Gladiator on Sept 7, 2016.
             Was a Believer of Uskayaw.
             Slain by an ogre
             ... wielding a +0 giant club
              (11 damage)
             ... on level 9 of the Dungeon.
             The game lasted 00:14:54 (9621 turns).

dorian the Carver (Hill Orc Gladiator)              Turns: 9621, Time: 00:14:55

HP:   -4/67 (68)    AC:  6    Str: 18    XL:     9   Next: 89%
MP:   12/14         EV: 11    Int:  8    God:    Uskayaw [**....]
Gold: 325           SH:  0    Dex: 14    Spells: 0 memorised, 8 levels left

rFire  . . .     SeeInvis +     a - +1 long sword
rCold  . . .     Gourm    .     b - +0 leather armour
rNeg   . . .     Faith    .     (no shield)
rPois  +         Spirit   .     C - +2 hat {SInv}
rElec  .         Dismiss  .     i - +0 cloak
rCorr  .         Reflect  .     (no gloves)
MR     .....     Harm     .     (no boots)
Stlth  +.........               (no amulet)
                                (no ring)
                                (no ring)

@: heavily drained
A: blink, mutation resistance 1, poison resistance
a: Blink, Stomp, Line Pass, Renounce Religion


You were on level 9 of the Dungeon.
You worshipped Uskayaw.
Uskayaw was noncommittal.
You were not hungry.

You visited 1 branch of the dungeon, and saw 9 of its levels.

You collected 325 gold pieces.

Inventory:

Hand Weapons
 a - a +1 long sword (weapon)
 g - a +3 halberd
 v - a +1 trident of venom
 D - a +1 whip of draining
Missiles
 d - a throwing net (quivered)
Armour
 b - a +0 leather armour (worn)
 c - a +1 helmet
 i - a +0 cloak (worn)
 C - a +2 hat of see invisible (worn)
Jewellery
 k - a -2 ring of evasion
Wands
 H - a wand of flame (20/48)
 I - a wand of disintegration (24/24)
Scrolls
 h - 2 scrolls of remove curse
 m - 3 scrolls of teleportation
 p - 2 scrolls of noise
 q - 2 scrolls of fog
 r - 3 scrolls of amnesia
 t - a scroll of enchant weapon
 u - 5 scrolls of identify
 w - 3 scrolls of immolation
 y - 3 scrolls of fear
 B - a scroll of enchant armour
Potions
 e - 2 potions of magic
 j - a potion of agility {unknown}
 l - a potion of lignification {unknown}
 o - 8 potions of degeneration {unknown}
 s - 3 potions of ambrosia {unknown}
 x - 2 potions of might {unknown}
 z - a potion of haste {unknown}
 A - a potion of heal wounds {unknown}
 G - 2 potions of curing {unknown}
 J - 2 potions of cure mutation {unknown}
Books
 L - a book of Party Tricks

   Spells                             Type                      Level
   a - Summon Butterflies             Summoning                    1
   b - Apportation                    Translocation                1
   c - Tukima's Dance                 Hexes                        3
   d - Alistair's Intoxication        Transmutation/Poison         5
   e - Invisibility                   Hexes                        6
Comestibles
 f - 8 bread rations
 n - 2 fruits
 E - 3 meat rations
 F - 2 slices of pizza
 K - 6 beef jerkies


   Skills:
 - Level 2.4(1.1) Fighting
 * Level 13.3(11.6) Long Blades
 - Level 1.7(0.4) Throwing
 - Level 2.4(1.1) Dodging
 + Level 6.9(5.4) Invocations


You had 8 spell levels left.
You didn't know any spells.

Dungeon Overview and Level Annotations

Branches:
Dungeon (9/15)             Temple (0/1) D:5
   Lair: D:8-11         Orc: D:9-12

Altars:
Ashenzari
Fedhas
Gozag
Qazlal
Ru
Uskayaw
Vehumet
Zin

Shops:
D:7 [


Innate Abilities, Weirdness & Mutations

You can translocate small distances at will.
You are somewhat resistant to further mutation.
Your system is resistant to poisons. (rPois)


Message History

The orc warrior barely misses you.
You closely miss the orc warrior.
The orc warrior is almost dead.
The ogre hits you with a giant club!!
* * * LOW HITPOINT WARNING * * *
You are too injured to fight recklessly!
You stomp with the beat, sending a shockwave through the revelers around you!
You kill the orc warrior!
You feel somewhat more hungry.
You can no longer pass through a line of other dancers.
There is a stone staircase leading up here.
You barely miss the ogre. The ogre misses you.
You riposte.
You slash the ogre!
The ogre is moderately wounded.
You hit the ogre.
The ogre is heavily wounded.
You can now pass through a line of other dancers.
You hit the ogre.
The ogre is heavily wounded.
The ogre hits you with a giant club!
You die...

#. #.# .# #.###.# #.#
#...... #.#
#....#+#.###
+........#.#
##+##..........####
#..................
#........O...#.#####.
#^......@#'#.........
#........#.#..######
#......#.#.#.#)#?#
#........#.#.##.#
########.#.#.#.#.#
..#.#.## #.# .##.#.#
#.# . ..#.# #.# #.
#.#


You could see an ogre.

Vanquished Creatures
  Menkaure (D:5)
  An ice beast (D:8)
  A black bear (D:7)
  An orc warrior (D:9)
  A necrophage (D:7)
  2 ogres
  A sky beast (D:7)
  A phantom (D:6)
  3 centaurs
  A big kobold (D:8)
  A giant frog (D:6)
  A scorpion (D:6)
  12 wights
  A howler monkey (D:6)
  9 crimson imps
  3 jellies
  A giant frog skeleton (D:5)
  4 hounds
  3 orc priests
  5 orc wizards
  A gnoll shaman (D:7)
  4 iguanas
  A worker ant (D:7)
  A hound zombie (D:5)
  A hound skeleton (D:7)
  7 gnolls
  8 adders
  2 shadow imps
  2 oozes
  2 adder skeletons
  4 worms
  2 dart slugs
  4 giant geckos
  22 orcs
  3 ball pythons
  2 giant cockroaches
  9 hobgoblins
  10 jackals
  11 kobolds
  2 quokkas
  9 bats
  2 giant gecko skeletons
  2 giant gecko zombies
  7 giant newts
  9 goblins
  A jackal zombie (D:7)
  A quokka zombie (D:6)
  10 rats
192 creatures vanquished.

Vanquished Creatures (others)
  A phantom (D:7)
  4 toadstools (D:1)
5 creatures vanquished.

Grand Total: 197 creatures vanquished

Notes
Turn   | Place    | Note
-------+----------+-------------------------------------------
     0 | D:1      | dorian the Hill Orc Gladiator began the quest for the Orb.
     0 | D:1      | Reached XP level 1. HP: 18/18 MP: 1/1
    49 | D:1      | Reached XP level 2. HP: 23/25 MP: 2/2
    69 | D:1      | Reached skill level 4 in Long Blades
   285 | D:1      | Reached XP level 3. HP: 30/30 MP: 3/3
   716 | D:2      | Reached skill level 5 in Long Blades
   778 | D:2      | Found a hide-covered altar of Uskayaw.
   787 | D:2      | Became a worshipper of Uskayaw the Reveler
   961 | D:2      | Reached * piety under Uskayaw
   968 | D:2      | Reached ** piety under Uskayaw
  1002 | D:2      | Reached XP level 4. HP: 35/37 MP: 4/4
  1493 | D:2      | Found a glowing silver altar of Zin.
  1777 | D:3      | Reached skill level 6 in Long Blades
  2177 | D:3      | Reached XP level 5. HP: 42/42 MP: 5/5
  2945 | D:4      | Reached *** piety under Uskayaw
  2947 | D:4      | Reached skill level 7 in Long Blades
  2947 | D:4      | Reached XP level 6. HP: 24/50 MP: 6/6
  3313 | D:5      | Entered Level 5 of the Dungeon
  3376 | D:5      | Noticed Menkaure
  3384 | D:5      | Killed Menkaure
  3384 | D:5      | Reached skill level 8 in Long Blades
  3609 | D:5      | Found a staircase to the Ecumenical Temple.
  3655 | D:5      | HP: 2/50 [centaur (8)]
  3656 | D:5      | Reached XP level 7. HP: 3/56 MP: 7/7
  4061 | D:5      | Found a radiant altar of Vehumet.
  4148 | D:5      | Found a blossoming altar of Fedhas.
  4185 | D:5      | Reached skill level 9 in Long Blades
  4277 | D:6      | Reached **** piety under Uskayaw
  4299 | D:6      | Reached ***** piety under Uskayaw
  4437 | D:6      | Reached skill level 10 in Long Blades
  4654 | D:6      | Reached XP level 8. HP: 52/62 MP: 8/8
  4665 | D:6      | Found a sacrificial altar of Ru.
  4925 | D:6      | Found a shattered altar of Ashenzari.
  4925 | D:6      | Found a stormy altar of Qazlal.
  5250 | D:6      | Reached skill level 1 in Invocations
  5515 | D:6      | Reached skill level 11 in Long Blades
  6186 | D:7      | Found Duezal's Armour Emporium.
  6210 | D:7      | Gained mutation: You are somewhat resistant to further mutation. [mutagenic meat]
  6213 | D:7      | Gained mutation: You can translocate small distances at will. [mutagenic meat]
  6216 | D:7      | Gained mutation: Your system is resistant to poisons. (rPois) [mutagenic meat]
  6505 | D:7      | Reached XP level 9. HP: 57/67 MP: 10/12
  6613 | D:7      | Reached skill level 12 in Long Blades
  7169 | D:7      | Reached skill level 5 in Invocations
  8623 | D:8      | Found a radiant altar of Vehumet.
  8695 | D:8      | Reached skill level 13 in Long Blades
  8708 | D:8      | HP: 3/67 [wight/war axe (1)]
  9342 | D:8      | Found an opulent altar of Gozag.
  9621 | D:9      | Slain by an ogre

Vault maps used:
D:1:      ldierk_water_garden
D:2:      eat_drink_and_be_merry_uskayaw, zin_treasury, wad_orctagon
D:3:      serial_park_tiny_1
D:4:      first_bread, due_unseen_surprise
D:5:      lemuel_crystal_altar, vehumet_altar_wand_db, uniq_menkaure
D:6:      kennysheep_little_box, gammafunk_temple_overflow_elements
D:7:      serial_shops, shop, grunt_ogre_cave, st_stairs_13
D:8:      nicolae_overflow_hidden_temple, grunt_gozag_statues
D:9:      minmay_imperfect_grid, lemuel_coloured_pillars_altar, serial_shops,
          shop, nrook_mini_backslash, uniq_erolcha

Skill      XL: |  1  2  3  4  5  6  7  8  9 |
---------------+----------------------------+-----
Long Blades    | 4 5 6 7 8 10 11 13 | 13.3
Invocations    | 4 6 |  6.9
Fighting       | |  2.4
Throwing       | |  1.7
Dodging        | |  2.4

Action                   |  1- 3 |  4- 6 |  7- 9 || total
-------------------------+-------+-------+-------++-------
Melee: Long sword        |   144 |    34 |   140 ||   318
       Trident           |       |   143 |   358 ||   501
       Halberd           |       |       |    14 ||    14
Throw: Throwing net      |       |     1 |     7 ||     8
Invok: Stomp             |       |       |     2 ||     2
       Line Pass         |       |       |     1 ||     1
  Use: Scroll            |       |       |    13 ||    13
 Stab: Paralysed         |       |     1 |    16 ||    17
       Held in net/web   |       |     1 |     1 ||     2
       Distracted        |       |       |     3 ||     3
       Sleeping          |       |       |     1 ||     1
  Eat: Chunk             |     1 |     6 |    16 ||    23
       Beef jerky        |       |     1 |       ||     1
       Bread ration      |       |       |     1 ||     1
       Royal jelly       |       |       |     1 ||     1
       Pizza             |       |       |     1 ||     1
Armor: Leather armour    |    41 |    41 |   114 ||   196
Dodge: Dodged            |    85 |   115 |   250 ||   450
